 Dungeon Crawl Stone Soup version 0.23-a0-666-g28d4f2f0af (webtiles) character file.

7312 Notair the Cleaver (level 10, -15/91 HPs)
             Began as a Minotaur Gladiator on Jan 8, 2019.
             Was a Priest of Okawaru (penitent).
             Demolished by Sonja
             ... wielding a +2 dagger of distortion
              (22 damage)
             ... on level 9 of the Dungeon.
             The game lasted 00:33:00 (11219 turns).

Notair the Cleaver (Minotaur Gladiator)            Turns: 11219, Time: 00:33:01

Health: -15/91     AC: 17    Str: 18    XL:     10   Next: 90%
Magic:  9/9        EV:  9    Int: 14    God:    Okawaru [*]
Gold:   485        SH:  2    Dex: 13    Spells: 9/9 levels left

rFire    . . .     SeeInvis .   D - +0 blowgun
rCold    + . .     Gourm    .   (no shield)
rNeg     . . .     Faith    .   m - +0 plate armour
rPois    .         Spirit   .   c - +0 hat
rElec    .         Reflect  +   (no cloak)
rCorr    .         Harm     .   E - +0 pair of gloves (curse)
MR       .....                  b - +1 pair of boots
Stlth    ..........             k - +2 amulet of reflection
HPRegen  0.25/turn              j - ring of protection from cold
MPRegen  0.11/turn              w - ring "Anar Behe" {Wiz Int+6 Stlth+}

@: slowed, very slow
A: retaliatory headbutt, horns 2
a: Renounce Religion


You were on level 9 of the Dungeon.
You worshipped Okawaru.
Okawaru was demanding penance.
You were very hungry.

You visited 2 branches of the dungeon, and saw 11 of its levels.
You also visited: Sewer and Ossuary.

You collected 650 gold pieces.
You spent 165 gold pieces at shops.

Inventory:

Hand Weapons
 a - a +0 war axe
 e - a +0 hunting sling
 D - a +0 blowgun (weapon)
 J - a +2 vampiric war axe
 P - a +5 war axe of freezing
Missiles
 g - 393 stones
 l - 127 sling bullets
 o - 2 silver javelins
 y - 7 poisoned needles
 B - 79 bolts
 C - 164 arrows
 T - a curare-tipped needle (quivered)
Armour
 b - a +1 pair of boots (worn)
 c - a +0 hat (worn)
 m - a +0 plate armour (worn)
 E - a cursed +0 pair of gloves (worn)
Jewellery
 j - a ring of protection from cold (left hand)
 k - a +2 amulet of reflection (around neck)
 w - the ring "Anar Behe" (right hand) {Wiz Int+6 Stlth+}
   (You found it on level 4 of the Dungeon)

   [ring of wizardry]

   It improves your spell success rate.
   It affects your intelligence (+6).
   It makes you more stealthy.
 K - a +3 ring of protection {unknown}
 O - a +5 ring of dexterity {unknown}
 Q - a cursed ring of teleportation {unknown}
Wands
 G - a wand of enslavement (9)
Scrolls
 h - 12 scrolls of remove curse
 i - 4 scrolls of amnesia
 n - 6 scrolls of identify
 p - 3 scrolls of teleportation
 r - 3 scrolls of immolation
 t - a scroll of fog {unknown}
 v - 4 scrolls of random uselessness {unknown}
 F - a scroll of holy word {unknown}
 I - 2 scrolls of enchant weapon {unknown}
 N - a scroll of magic mapping
 R - a scroll of enchant armour {unknown}
Potions
 q - 2 potions of agility
 s - 3 potions of brilliance
 u - 4 potions of ambrosia
 x - a potion of might
 z - 2 potions of flight
 A - 3 potions of lignification
 H - a potion of berserk rage {unknown}
 L - a potion of curing
 M - 5 potions of degeneration {unknown}
 S - a potion of heal wounds {unknown}
Comestibles
 f - 17 rations


   Skills:
 + Level 9.3 Fighting
 * Level 12.8 Axes
 - Level 2.0 Throwing
 + Level 8.9 Armour
 + Level 9.0 Dodging


You had 9 spell levels left.
You didn't know any spells.
Your spell library contained the following spells:

 Spells                   Type           Power        Failure   Level  Hunger
 Corona                   Hex            #......      94%         1    ##.....
 Freeze                   Ice            #...         94%         1    ##.....
 Infusion                 Chrm           #...         94%         1    ##.....
 Shock                    Conj/Air       #...         94%         1    ##.....
 Ensorcelled Hibernation  Hex/Ice        #.....       98%         2    ###....
 Poisonous Vapours        Pois/Air       #.....       98%         2    ###....
 Shroud of Golubria       Chrm/Tloc      #.........   98%         2    ###....
 Song of Slaying          Chrm           #.......     98%         2    ###....
 Confuse                  Hex            #.......     100%        3    ####...
 Dazzling Spray           Conj/Hex       #.....       100%        3    ####...
 Regeneration             Chrm/Necr      #.........   100%        3    ####...
 Spectral Weapon          Hex/Chrm       #.......     100%        3    ####...
 Tukima's Dance           Hex            #.......     100%        3    ####...
 Summon Lightning Spire   Summ/Air       #.......     100%        4    #####..
 Conjure Ball Lightning   Conj/Air       #.........   100%        6    #######
 Simulacrum               Ice/Necr       #.........   100%        6    #######


Dungeon Overview and Level Annotations

Branches:
Dungeon (10/15)            Temple (1/1) D:7             Orc (0/2) D:9
   Lair: D:8-11

Altars:
Ashenzari
Cheibriados
Dithmenos
Elyvilon
Fedhas
Gozag
Hepliaklqana
Kikubaaqudgha
Makhleb
Nemelex Xobeh
Okawaru
Qazlal
Ru
Sif Muna
Trog
Uskayaw
Vehumet
Wu Jian
Xom
Yredelemnul
Zin
The Shining One

Shops:
D:4 %   D:5 [   D:8 }   D:9 (

Annotations:
D:5 1 runed door, Fandomethor's ghost, novice HOMo
D:9 2 transporters, Chiseanne's ghost, journeyman GnWn; Sonja


Innate Abilities, Weirdness & Mutations

You reflexively headbutt those who attack you in melee.
You have a pair of horns on your head.


Message History

Space bends around you.
* * * LOW HITPOINT WARNING * * *
Sonja barely misses you.
Really attack while wielding your +0 blowgun?
Okay, then.
Really attack while wielding your +0 blowgun?
Okay, then.
Really attack while wielding your +0 blowgun?
Okay, then.
Quiver which item? (- for none, * to show all) (? for menu, Esc to quit)
Quivering
T - 2 curare-tipped needles for blowguns.
Firing (i - inventory. (/) - cycle)
T - 2 curare-tipped needles (quivered)
Press: ? - help, Shift-Dir - straight line, f/p - Sonja
Aim: Sonja, wielding a +2 dagger of distortion (moderately wounded)
You shoot a curare-tipped needle. The curare-tipped needle misses Sonja.
You block Sonja's attack. Sonja barely misses you.
Sonja hits you but does no damage. Space bends around you.
* * * LOW HITPOINT WARNING * * *
Sonja hits you but does no damage. Space warps horribly around you!
You die...

.....#....#########..............
.....#....#.........#########....
######....#..(..(................
..........#......(........#######
..........#....#..........#......
..........#....#...((.....#..##..
..........#.......(..(....#.#..#
..####'####......K..(.....#W#..#.
###.............@.(..[.(.©#O.##..
#...###.......)...).....#O....©
#...# #......))...)[...©#%.##..
#...# #.....###.........#.#..#
#...# #.....# #.........#.#..#
#...###.....###.........#..##..
#................######.#.....©
###########........#......#######
.#........#.......<#.............


You could see Sonja.

Vanquished Creatures
  Erica (D:9)
  A two-headed ogre (D:9)
  A troll (D:9)
  A queen bee (D:9)
  2 hippogriffs
  An orc warrior (D:9)
  5 ice beasts
  Purgy (Sewer)
  2 sky beasts
  A black bear (D:3)
  4 ogres
  2 phantoms
  5 centaurs
  2 crocodiles
  3 bullfrogs
  A wyvern zombie (D:9)
  5 scorpions
  17 killer bees (D:9)
  8 wights
  3 howler monkeys
  5 crimson imps
  2 centaur zombies
  2 centaur skeletons
  2 jellies
  5 orc priests
  4 hounds
  7 orc wizards
  2 bullfrog skeletons
  3 iguanas
  10 worker ants
  3 mummies (Ossuary)
  4 hound skeletons
  A howler monkey zombie (D:8)
  A worker ant zombie (D:6)
  3 gnolls (D:9)
  7 adders
  A shadow imp (D:6)
  An ooze (D:6)
  An adder zombie (D:4)
  3 adder skeletons
  3 worms
  A dart slug (D:2)
  A leopard gecko (D:3)
  24 orcs
  6 giant cockroaches
  2 gnoll zombies (Ossuary)
  9 goblins
  10 hobgoblins
  13 jackals
  15 kobolds
  3 quokkas
  3 ball pythons
  9 bats
  8 frilled lizards
  A goblin zombie (Ossuary)
  A hobgoblin zombie (Ossuary)
  A kobold zombie (Ossuary)
  2 orc zombies (Ossuary)
  2 quokka skeletons
  9 rats
256 creatures vanquished.

Vanquished Creatures (others)
  A hippogriff (D:10)
1 creature vanquished.

Grand Total: 257 creatures vanquished

Notes
Turn   | Place    | Note
-------+----------+-------------------------------------------
     0 | D:1      | Notair the Minotaur Gladiator began the quest for the Orb.
     0 | D:1      | Reached XP level 1. HP: 18/18 MP: 0/0
    85 | D:1      | Reached XP level 2. HP: 12/25 MP: 1/1
   269 | D:1      | Reached skill level 4 in Axes
   347 | D:1      | Reached skill level 1 in Armour
   816 | D:2      | Reached XP level 3. HP: 26/30 MP: 2/2
   850 | D:2      | Reached XP level 4. HP: 27/38 MP: 3/3
  1241 | D:2      | Found a glowing golden altar of the Shining One.
  1717 | D:3      | Reached skill level 5 in Axes
  1958 | D:3      | Found a white marble altar of Elyvilon.
  2223 | D:3      | Reached XP level 5. HP: 43/45 MP: 4/4
  2300 | D:3      | Noticed a black bear
  2306 | D:3      | Killed a black bear
  2306 | D:3      | Reached XP level 6. HP: 52/52 MP: 5/5
  2310 | D:3      | Reached skill level 6 in Axes
  3115 | D:4      | Got a smoking golden ring
  3154 | D:4      | Found Puagrebi's Food Shop.
  3340 | D:4      | Found a snail-covered altar of Cheibriados.
  3340 | D:4      | Found a glowing silver altar of Zin.
  4248 | D:5      | Entered Level 5 of the Dungeon
  4308 | D:5      | Identified the ring "Anar Behe" {Wiz Int+6 Stlth+} (You
                  | found it on level 4 of the Dungeon)
  4355 | D:5      | Reached XP level 7. HP: 21/60 MP: 6/6
  4629 | D:5      | Noticed Fandomethor's ghost (novice HOMo)
  4643 | D:5      | Reached skill level 7 in Axes
  4643 | D:5      | Reached skill level 5 in Dodging
  5045 | D:5      | Reached skill level 5 in Fighting
  5060 | D:5      | Found a runed door.
  5217 | D:5      | Identified Jinkamy's Collected Works on the Floating
                  | Snowflakes
  5448 | D:5      | Reached skill level 8 in Axes
  5448 | D:5      | Reached XP level 8. HP: 56/69 MP: 7/7
  5613 | D:5      | Found a stormy altar of Qazlal.
  5613 | D:5      | Found a deep blue altar of Sif Muna.
  5613 | D:5      | Found an ornate altar of the Wu Jian Council.
  5613 | D:5      | Found a burning altar of Makhleb.
  5614 | D:5      | Found a radiant altar of Vehumet.
  5615 | D:5      | Found a shadowy altar of Dithmenos.
  5637 | D:5      | Found Xusaj's Antique Armour Emporium.
  5660 | D:5      | Reached skill level 5 in Armour
  5669 | D:5      | Bought a pair of glowing boots for 165 gold pieces
  6056 | D:6      | Found a glowing drain.
  6072 | Sewer    | Entered a sewer
  6295 | Sewer    | Noticed Purgy
  6301 | Sewer    | Killed Purgy
  6624 | D:6      | Reached skill level 9 in Axes
  7064 | D:7      | Reached XP level 9. HP: 35/78 MP: 8/8
  7354 | D:7      | Found a staircase to the Ecumenical Temple.
  7393 | Temple   | Entered the Ecumenical Temple
  7497 | Temple   | Became a worshipper of Warmaster Okawaru
  7666 | D:7      | Reached skill level 10 in Axes
  8237 | D:8      | Reached * piety under Okawaru
  8260 | D:8      | Found a sand-covered staircase.
  8267 | Ossuary  | Entered an ossuary
  8584 | D:8      | Found Mugaso's Gadget Shoppe.
  8803 | D:8      | Reached skill level 11 in Axes
  9082 | D:8      | Identified the +4 spear "Vigh" {flame, +Rage rF- rC++ SInv}
                  | (You found it on level 8 of the Dungeon)
  9094 | D:9      | Found a staircase to the Orcish Mines.
  9094 | D:9      | Found Mycsixyn's Weapon Emporium.
  9138 | D:9      | Reached ** piety under Okawaru
  9148 | D:9      | Reached XP level 10. HP: 40/88 MP: 9/9
  9651 | D:9      | Reached *** piety under Okawaru
  9762 | D:9      | Found a transporter.
  9763 | D:9      | Noticed a two-headed ogre
  9763 | D:9      | Noticed Chiseanne's ghost (journeyman GnWn)
 10082 | D:9      | Found a transporter.
 10141 | D:9      | Reached skill level 12 in Axes
 10180 | D:9      | Noticed Erica
 10200 | D:9      | Killed Erica
 10291 | D:9      | Reached **** piety under Okawaru
 10549 | D:9      | Noticed a two-headed ogre
 10560 | D:9      | Killed a two-headed ogre
 10560 | D:9      | Received a gift from Okawaru
 10560 | D:9      | Received a gift from Okawaru
 10770 | D:10     | Entered Level 10 of the Dungeon
 10782 | D:10     | Noticed Sonja
 10805 | D:9      | Was placed under penance by Okawaru
 10819 | D:9      | HP: 2/91 [poisoned by Sonja (curare-tipped needle)]
 11219 | D:9      | Demolished by Sonja

Vault maps used:
D:1:      minmay_arrival_doors, serial_rivers, chequers_serial_rivers_micro_c,
          chequers_serial_rivers_room_b, chequers_serial_rivers_micro_c,
          chequers_serial_rivers_marsh, chequers_serial_rivers_large_a,
          chequers_serial_rivers_marsh
D:2:      minmay_wonky_spiral, lemuel_coloured_pillars_altar
D:3:      elyvilon_altar_5
D:4:      chequers_temple_overflow_statue_of_worship, serial_shops, shop,
          chequers_serial_rivers_micro_e, minmay_misc_feat_chi
D:5:      grunt_temple_overflow_open, first_ration,
          hellmonk_ghost_happy_afterlife, serial_shops,
          nicolae_shop_overgrown_old_shop
D:6:      portal_sewer_entry_b
D:7:      minmay_temple_entry_statues, st_stairs_10
D:8:      serial_shops, shop, nicolae_ossuary_entry_ruins
D:9:      orc_david_3, gammafunk_ghost_smash, david_nohive_1, st_stairs_7,
          nicolae_benzene_ring, uniq_erica
D:10:     serial_glass, glass_columns_c, glass_columns_a, glass_columns_b,
          glass_columns_a, glass_columns_c, glass_columns_a, uniq_sonja
Temple:   nicolae_temple_hex_pool
Sewer:    sewer_the_crocodile
Ossuary:  ossuary_crypta

Skill      XL: |  1  2  3  4  5  6  7  8  9 10 |
---------------+-------------------------------+-----
Axes           | 4 5 6 8 9 11 12 | 12.8
Armour         | 1 2 3 4 6 7 8 |  8.9
Fighting       | 3 4 5 6 8 9 |  9.3
Dodging        | 4 5 6 7 9 |  9.0
Throwing       | |  2.0

Action                   |  1- 3 |  4- 6 |  7- 9 | 10-12 || total
-------------------------+-------+-------+-------+-------++-------
Melee: War axe           |    63 |   181 |   415 |   178 ||   837
       Headbutt          |    10 |    43 |    76 |    29 ||   158
       Punch             |       |       |       |     1 ||     1
 Fire: Hunting sling     |       |       |    28 |       ||    28
       Blowgun           |       |       |       |    14 ||    14
Throw: Throwing net      |       |       |       |     5 ||     5
Invok: Heroism           |       |       |       |     3 ||     3
Evoke: Wand              |       |       |       |     2 ||     2
  Use: Scroll            |       |     7 |     8 |       ||    15
       Potion            |       |       |     3 |     2 ||     5
  Eat: Chunk             |       |    11 |    12 |     7 ||    30
       Ration            |       |       |     2 |       ||     2
Armor: Leather armour    |     5 |       |       |       ||     5
       Plate armour      |    42 |   139 |   279 |   127 ||   587
       Skin              |       |       |    49 |       ||    49
Dodge: Dodged            |    37 |    76 |   171 |    90 ||   374
Block: Other             |       |       |    36 |    13 ||    49
       Reflection        |       |       |       |     1 ||     1

Table legend:
 A = Non-vault XP
 B = Vault XP
 C = Vault XP percentage of total XP
 D = Non-vault monster count
 E = Vault monster count
 F = Vault count percentage of total count
                 A         B        C        D         E       F
            +---------+---------+-------+---------+---------+-------
      Total |    7909 |    2537 |  24.3 |     209 |      48 |  18.7
            +---------+---------+-------+---------+---------+-------
        D:1 |      32 |       0 |   0.0 |      21 |       0 |   0.0
        D:2 |     106 |      12 |  10.2 |      17 |       6 |  26.1
        D:3 |     345 |       0 |   0.0 |      41 |       0 |   0.0
        D:4 |     145 |       0 |   0.0 |      13 |       0 |   0.0
        D:5 |    1100 |       0 |   0.0 |      29 |       0 |   0.0
        D:6 |     665 |       5 |   0.7 |      15 |       3 |  16.7
        D:7 |    1229 |      67 |   5.2 |      19 |       1 |   5.0
        D:8 |     882 |       0 |   0.0 |      12 |       0 |   0.0
        D:9 |    3256 |    2207 |  40.4 |      40 |      21 |  34.4
       D:10 |     149 |       0 |   0.0 |       2 |       0 |   0.0
      Sewer |       0 |     139 | 100.0 |       0 |       6 | 100.0
    Ossuary |       0 |     107 | 100.0 |       0 |      11 | 100.0
            +---------+---------+-------+---------+---------+-------
